 Seeded DCSS version 0.31-a0-1278-g11c5b68f87 (webtiles) character file.

Game seed: 3878631621999772145 (custom seed)

212 timneilson the Covered (level 5, -5/33 HPs)
             Began as a Gargoyle Fighter on Dec 17, 2023.
             Splashed by a jelly's acid (10 damage)
             ... on level 4 of the Dungeon.
             The game lasted 00:04:23 (2286 turns).

timneilson the Covered (Gargoyle Fighter)           Turns: 2286, Time: 00:04:25

Health: -5/33      AC: -9    Str: 20    XL:     5   Next: 89%
Magic:  5/5        EV: 10    Int:  8    God:
Gold:   172        SH:  5    Dex: 17    Spells: 4/4 levels left

rFire   + + .        a - +0 long sword
rCold   x . .        c - +0 buckler
rNeg    + . .        b - +0 scale mail
rPois   ∞            q - +0 helmet "Atuetuoc" {rF+ rC- Regen+}
rElec   +            g - +0 cloak
rCorr   .            (no gloves)
SInv    .            m - +0 pair of boots
Will    .....        u - amulet "Kiasifex" {rF+ Regen+ Stlth+}
Stlth   +            e - +6 ring of dexterity
HPRegen 1.85/turn    (no ring)
MPRegen 0.09/turn

%: no passive effects
@: corroded
A: sickness immunity, AC +4, negative energy resistance 1, electricity
resistance, torment resistance 1, petrification resistance
a: no special abilities


You were on level 4 of the Dungeon.
You visited 1 branch of the dungeon, and saw 4 of its levels.

You collected 172 gold pieces.

Inventory:

Hand Weapons
 a - a +0 long sword (weapon)
Armour
 b - a +0 scale mail (worn)
 c - a +0 buckler (worn)
 g - a +0 cloak (worn)
 l - a +0 plate armour
 m - a +0 pair of boots (worn)
 q - the +0 helmet "Atuetuoc" (worn) {rF+ rC- Regen+}
   (You acquired it on level 3 of the Dungeon)

   rF+:       It protects you from fire.
   rC-:       It makes you vulnerable to cold.
   Regen+:    It increases your rate of health regeneration.
Jewellery
 e - a +6 ring of dexterity (left hand)
 u - the amulet "Kiasifex" (around neck) {rF+ Regen+ Stlth+}
   (You acquired it on level 3 of the Dungeon)

   [amulet of regeneration]

   rF+:       It protects you from fire.
   Regen+:    It increases your rate of health regeneration.
   Stlth+:    It makes you more stealthy.
Scrolls
 f - 2 scrolls of fog
Potions
 d - a potion of might
 h - a potion of resistance
 i - 2 potions of mutation {unknown}
 j - a potion of haste
 k - 2 potions of brilliance
 n - 4 potions of attraction
 o - a potion of berserk rage
 s - a potion of ambrosia
 t - a potion of heal wounds


   Skills:
 + Level 3.9 Fighting
 * Level 3.1 Long Blades
 * Level 4.4 Armour
 + Level 1.1 Dodging
 * Level 4.4 Shields


You had 4 spell levels left.
You didn't know any spells.
Your spell library contained the following spells:

 Spells                   Type           Power      Damage    Failure   Level
 Foxfire                  Conj/Fire      0%         2x1d4     82%         1
 Hailstorm                Conj/Ice       0%         3d5       99%         3
 Summon Guardian Golem    Hex/Summ       0%         N/A       99%         3
 Anguish                  Hex/Necr       0%         N/A       100%        4
 Summon Ice Beast         Ice/Summ       0%         N/A       100%        4
 Plasma Beam              Fire/Air       0%         2x1d10    100%        6
 Simulacrum               Ice/Necr       0%         N/A       100%        6
 Starburst                Conj/Fire      0%         6d3       100%        6


Dungeon Overview and Level Annotations

Branches:
Dungeon (4/15)
 Temple: D:4-7

Altars:
Wu Jian


Innate Abilities, Weirdness & Mutations

You are immune to sickness and miasma.
Your stone body is resilient. (AC +4)
You are immune to poison.
You resist negative energy. (rN+)
You are resistant to electric shocks. (rElec)
You are resistant to unholy torment.
You are immune to petrification.


Message History

The jelly is moderately wounded.
The jelly hits you. The acid corrodes you!
You are splashed with acid.
You hit the jelly. The acid corrodes you!
Your hands burn!
The jelly is heavily wounded.
The jelly hits you.
You are splashed with acid.
You hit the jelly but do no damage. The acid corrodes you!
Your hands burn!
The jelly is heavily wounded.
You block the jelly's attack. The jelly hits you. The acid corrodes you!
You are splashed with acid!
* * * LOW HITPOINT WARNING * * *
You hit the jelly but do no damage.
Your hands burn!
* * * LOW HITPOINT WARNING * * *
The jelly is heavily wounded.
The jelly barely misses you.
Unknown command.
You hit the jelly but do no damage.
Your hands burn!
* * * LOW HITPOINT WARNING * * *
The jelly is heavily wounded.
The jelly completely misses you.
Unknown command.
You barely miss the jelly.
The jelly is heavily wounded.
The jelly barely misses you. The jelly closely misses you.
You hit the jelly but do no damage.
Your hands burn!
* * * LOW HITPOINT WARNING * * *
The jelly is heavily wounded.
You block the jelly's attack.
Unknown command.
You hit the jelly.
Your hands burn!
* * * LOW HITPOINT WARNING * * *
The jelly is heavily wounded.
You block the jelly's attack.
Unknown command.
You hit the jelly but do no damage.
Your hands burn!
* * * LOW HITPOINT WARNING * * *
The jelly is heavily wounded.
The jelly hits you.
* * * LOW HITPOINT WARNING * * *
The acid corrodes you!
You are splashed with acid!
You die...

#............. ###+#####
.............
........#.##+#..........
........#....#.....####+
........#....#.....#
........+....#.....#
........#....#.....#
......J.#... #.....#
.......@#'####.....#
#######.......)....#
#............##+##
#.................
#.................
#.................
#............)....
##+##########)....
#.....


You could see a jelly.

Vanquished Creatures
  2 orc priests (D:4)
  An iguana (D:4)
  5 adders
  2 ufetubi (D:3)
  3 worms
  2 orcs
  7 bats
  6 endoplasms
  2 giant cockroaches (D:3)
  5 goblins
  5 hobgoblins
  2 jackals (D:2)
  2 kobolds
  5 quokkas
  6 ball pythons
  A frilled lizard (D:1)
  6 rats
62 creatures vanquished.

Notes
Turn   | Place    | Note
-------+----------+-------------------------------------------
     0 | D:1      | timneilson the Gargoyle Fighter began the quest for the
                  | Orb.
     0 | D:1      | Reached XP level 1. HP: 14/14 MP: 1/1
   258 | D:1      | Reached XP level 2. HP: 17/19 MP: 2/2
   308 | D:1      | Got Niegh's Catalogue of Enchantment
   991 | D:2      | Reached XP level 3. HP: 23/23 MP: 3/3
  1063 | D:2      | Reached XP level 4. HP: 11/28 MP: 4/4
  1999 | D:3      | Found an ornate altar of the Wu Jian Council.
  2005 | D:3      | Identified 2 scrolls of acquirement
  2005 | D:3      | Acquired the amulet "Kiasifex" {rF+ Regen+ Stlth+}
  2012 | D:3      | Acquired the +0 helmet "Atuetuoc" {rF+ rC- Regen+}
  2089 | D:4      | Reached XP level 5. HP: 33/33 MP: 5/5
  2186 | D:4      | Reached skill level 1 in Dodging
  2282 | D:4      | HP: 1/33 [acid (4)]
  2286 | D:4      | Splashed by a jelly's acid

Illustrated notes

Levels and vault maps discovered:
D:1:      dpeg_arrival_boxes_within_box, layout_loops_corners, st_stairs_7
D:2:      layout_basic
D:3:      layout_rooms, nzn_wu_jian_council_hall
D:4:      layout_gridville, temple_hall

Skill      XL: |  1  2  3  4  5 |
---------------+----------------+-----
Long Blades    | 2 3 |  3.1
Armour         | 4 |  4.4
Shields        | 4 |  4.4
Dodging        | 1 |  1.1
Fighting       | |  3.9

Action                     |  1- 3 |  4- 6 || total
---------------------------+-------+-------++-------
  Melee: Long sword        |    73 |   133 ||   206
    Use: Scroll            |     2 |    12 ||    14
 Armour: Scale mail        |    52 |   109 ||   161
  Dodge: Dodged            |    34 |    85 ||   119
  Block: Buckler           |    23 |    39 ||    62

Table legend: (Time is in decaauts)
 A = Elapsed time spent in this place.
 B = Non-inter-level travel time spent in this place.
 C = Inter-level travel time spent in this place.
 D = Time resting spent in this place.
 E = Time spent auto-exploring this place.
 F = Levels seen in this place.
 G = Mean time per level.
                   A        B        C        D        E       F      G
               +--------+--------+--------+--------+--------+-----+--------+
         Total |   2346 |   2312 |     34 |     42 |   1647 |   4 |  586.5 |
       Dungeon |   2346 |   2312 |     34 |     42 |   1647 |   4 |  586.5 |
               +--------+--------+--------+--------+--------+-----+--------+

Top non-repeatable levels by time:
     D:1: 960 daAuts
     D:2: 611 daAuts
     D:3: 519 daAuts
     D:4: 255 daAuts
